 Dungeon Crawl Stone Soup version 0.26-a0-1101-g8f9f7f7418 (webtiles) character file.

Game seed: 10029158905065917345

439 Gargoyl the Skirmisher (level 7, -7/59 HPs)
             Began as a Gnoll Abyssal Knight on Dec 15, 2020.
             Was a Believer of Lugonu.
             Mangled by Menkaure (11 damage)
             ... on level 4 of the Dungeon.
             The game lasted 00:06:40 (5035 turns).

Gargoyl the Skirmisher (Gnoll Abyssal Knight)       Turns: 5035, Time: 00:06:41

Health: -7/59      AC: 13    Str: 17    XL:     7   Next: 1%
Magic:  10/10      EV:  8    Int: 14    God:    Lugonu [**....]
Gold:   320        SH:  0    Dex: 14    Spells: 10/10 levels left

rFire    . . .     SeeInvis .   a - +2 hand axe
rCold    . . .     Faith    .   (no shield)
rNeg     . . .     Spirit   .   e - +0 chain mail
rPois    .         Reflect  .   (no helmet)
rElec    .         Harm     .   (no cloak)
rCorr    .         Rampage  .   (no gloves)
Will     .....                  d - +2 pair of boots
Stlth    ..........             (no amulet)
HPRegen  0.19/turn              j - ring of stealth
MPRegen  0.12/turn              (no ring)

@: no status effects
A: distributed training, fangs 1, strong nose
a: Depart the Abyss, Bend Space, Renounce Religion


You were on level 4 of the Dungeon.
You worshipped Lugonu.
Lugonu was pleased with you.
You visited 1 branch of the dungeon, and saw 4 of its levels.
You visited the Abyss 1 time.
You also visited: Sewer.

You collected 320 gold pieces.

Inventory:

Hand Weapons
 a - a +2 hand axe (weapon)
Armour
 d - a +2 pair of boots (worn)
 e - a +0 chain mail (worn)
Jewellery
 j - a ring of stealth (left hand)
Scrolls
 g - 3 scrolls of remove curse
 h - a scroll of teleportation
 i - a scroll of identify
 l - a scroll of magic mapping
 n - a scroll of fear
 o - a scroll of enchant armour {unknown}
Potions
 f - a potion of invisibility
 k - 3 potions of might {unknown}
 m - a potion of brilliance {unknown}
 p - a potion of lignification {unknown}


   Skills:
 + Level 6.9 Fighting
 + Level 2.2 Short Blades
 + Level 2.2 Long Blades
 + Level 5.1 Axes
 + Level 2.2 Maces & Flails
 + Level 2.2 Polearms
 + Level 2.2 Staves
 + Level 2.2 Slings
 + Level 2.2 Bows
 + Level 2.2 Crossbows
 + Level 2.2 Throwing
 + Level 5.1 Armour
 + Level 3.4 Dodging
 + Level 2.2 Stealth
 + Level 2.2 Shields
 + Level 2.2 Unarmed Combat
 + Level 2.2 Spellcasting
 + Level 1.8 Conjurations
 + Level 1.8 Hexes
 + Level 1.8 Summonings
 + Level 1.8 Necromancy
 + Level 1.8 Translocations
 + Level 1.8 Transmutations
 + Level 1.8 Fire Magic
 + Level 1.8 Ice Magic
 + Level 1.8 Air Magic
 + Level 1.8 Earth Magic
 + Level 1.8 Poison Magic
 + Level 5.2 Invocations
 + Level 2.2 Evocations


You had 10 spell levels left.
You didn't know any spells.
Your spell library was empty.

Dungeon Overview and Level Annotations

Branches:
Dungeon (4/15)              Sewer (visited)
 Temple: D:4-7

Altars:
Ashenzari

Shops:
D:4 :

Annotations:
D:4 Menkaure


Innate Abilities, Weirdness & Mutations

Your experience applies equally to all skills.
You have very sharp teeth.
Your uncanny sense of smell can sniff out nearby items.


Message History

You slash Menkaure!
Menkaure is heavily damaged.
The orc wizard shouts!
You hit Menkaure. You bite Menkaure, but do no damage.
Menkaure is severely damaged.
You hear a shout!
Menkaure points at you and mumbles some strange words.
Pain shoots through your body!
* * * LOW HITPOINT WARNING * * *
You hit Menkaure.
Menkaure is almost destroyed.
Menkaure hits you!
* * * LOW HITPOINT WARNING * * *
The orc wizard mumbles some strange words.
The orc wizard flickers and vanishes!
Deactivating autopickup; reactivate with Ctrl-A.
You hit Menkaure.
Menkaure is almost destroyed.
Menkaure hits you!
You die...

#.# #.#######......###.## #.#
#.##.......#.........
#.#########.##.#####...#.......
#.....................#####..##
###............#.###).# #..##
#.#######.##...# #..# #.... #.#
#.##.#.###..# #.... #.##
#.##>#......# ####. #..##
#.##@###.##.# #. #...#
#.##M##..##.# #. #.♣.#
#.##.##.###.##### #. ♣.∩.♣
#.#...#.# #.#...# #. #.♣##
#.......###...#.##### #.#
#.........#####...... #.#
##..{o..#.# #.####. ##.#
##...#.#.# #M#..+. #..#
##.##.#.# #.#..#.


You could see Menkaure and an orc.

Vanquished Creatures
  2 centaur skeletons (D:4)
  A hound (D:4)
  Ijyb (D:4)
  A worker ant (D:4)
  4 gnolls (D:4)
  5 river rats (Sewer)
  11 adders
  An adder skeleton (D:4)
  2 worms
  2 dart slugs
  7 leopard geckos
  5 orcs
  7 ball pythons
  2 giant cockroaches (D:3)
  9 goblins
  11 hobgoblins
  6 jackals
  9 bats
  12 frilled lizards
  5 kobolds
  A quokka skeleton (D:4)
  13 rats
117 creatures vanquished.

Notes
Turn   | Place    | Note
-------+----------+-------------------------------------------
     0 | Abyss:1  | Gargoyl the Gnoll Abyssal Knight began the quest for the
                  | Orb.
     0 | Abyss:1  | Reached XP level 1. HP: 23/23 MP: 3/3
    68 | Abyss:1  | Noticed a smoke demon
    80 | Abyss:1  | Noticed a chaos spawn
    87 | Abyss:1  | Noticed a thrashing horror
    92 | D:1      | Escaped the Abyss
   559 | D:1      | Reached XP level 2. HP: 27/29 MP: 5/5
   758 | D:1      | Reached * piety under Lugonu
   882 | D:1      | Reached XP level 3. HP: 35/35 MP: 6/6
  1180 | D:2      | Reached skill level 1 in Short Blades
  1180 | D:2      | Reached skill level 1 in Long Blades
  1180 | D:2      | Reached skill level 1 in Maces & Flails
  1180 | D:2      | Reached skill level 1 in Polearms
  1180 | D:2      | Reached skill level 1 in Staves
  1180 | D:2      | Reached skill level 1 in Slings
  1180 | D:2      | Reached skill level 1 in Bows
  1180 | D:2      | Reached skill level 1 in Crossbows
  1180 | D:2      | Reached skill level 1 in Throwing
  1180 | D:2      | Reached skill level 1 in Stealth
  1180 | D:2      | Reached skill level 1 in Shields
  1180 | D:2      | Reached skill level 1 in Unarmed Combat
  1180 | D:2      | Reached skill level 1 in Spellcasting
  1180 | D:2      | Reached skill level 1 in Evocations
  1181 | D:2      | Reached XP level 4. HP: 26/41 MP: 7/7
  1589 | D:2      | Reached skill level 1 in Conjurations
  1589 | D:2      | Reached skill level 1 in Hexes
  1589 | D:2      | Reached skill level 1 in Summonings
  1589 | D:2      | Reached skill level 1 in Necromancy
  1589 | D:2      | Reached skill level 1 in Translocations
  1589 | D:2      | Reached skill level 1 in Transmutations
  1589 | D:2      | Reached skill level 1 in Fire Magic
  1589 | D:2      | Reached skill level 1 in Ice Magic
  1589 | D:2      | Reached skill level 1 in Air Magic
  1589 | D:2      | Reached skill level 1 in Earth Magic
  1589 | D:2      | Reached skill level 1 in Poison Magic
  1644 | D:2      | Reached ** piety under Lugonu
  1998 | D:3      | Found a glowing drain.
  2004 | D:3      | Reached XP level 5. HP: 46/47 MP: 8/8
  2014 | Sewer    | Entered a sewer
  3116 | D:3      | Reached skill level 5 in Invocations
  3124 | D:3      | Reached XP level 6. HP: 45/53 MP: 9/9
  3589 | D:4      | Noticed Menkaure
  3778 | D:4      | Reached skill level 5 in Axes
  3778 | D:4      | Reached skill level 5 in Armour
  3864 | D:4      | Found Enaibaz's Book Shoppe.
  4021 | D:4      | Found a broken altar of Ashenzari.
  4115 | D:4      | Noticed Ijyb
  4154 | D:4      | Killed Ijyb
  4659 | D:4      | Reached XP level 7. HP: 38/59 MP: 10/10
  5035 | D:4      | Mangled by Menkaure

Illustrated notes

Levels and vault maps discovered:
D:1:      dpeg_arrival_circle_labyrinth_a, layout_basic, chequers_arboretum,
          minmay_stone_trees_small
D:2:      minmay_spotlight, layout_basic, grunt_ministairs_4
D:3:      layout_basic, portal_sewer_entry_f
D:4:      minmay_door_path, layout_loops_ring, general_overflow_altar,
          serial_shops, nicolae_shop_trees, grunt_decor_resistance, uniq_ijyb,
          uniq_menkaure

Skill      XL: |  1  2  3  4  5  6 |
---------------+-------------------+-----
Short Blades   | 1 2 |  2.2
Long Blades    | 1 2 |  2.2
Maces & Flails | 1 2 |  2.2
Polearms       | 1 2 |  2.2
Staves         | 1 2 |  2.2
Slings         | 1 2 |  2.2
Bows           | 1 2 |  2.2
Crossbows      | 1 2 |  2.2
Throwing       | 1 2 |  2.2
Stealth        | 1 2 |  2.2
Shields        | 1 2 |  2.2
Unarmed Combat | 1 2 |  2.2
Spellcasting   | 1 2 |  2.2
Evocations     | 1 2 |  2.2
Conjurations   | 1 |  1.8
Hexes          | 1 |  1.8
Summonings     | 1 |  1.8
Necromancy     | 1 |  1.8
Translocations | 1 |  1.8
Transmutations | 1 |  1.8
Fire Magic     | 1 |  1.8
Ice Magic      | 1 |  1.8
Air Magic      | 1 |  1.8
Earth Magic    | 1 |  1.8
Poison Magic   | 1 |  1.8
Dodging        | 3 |  3.4
Invocations    | 5 |  5.2
Axes           | 5 |  5.1
Armour         | 5 |  5.1
Fighting       | |  6.9

Action                   |  1- 3 |  4- 6 |  7- 9 || total
-------------------------+-------+-------+-------++-------
Melee: Hand axe          |    60 |   331 |    11 ||   402
       Bite              |     4 |    35 |     1 ||    40
Invok: Depart the Abyss  |     1 |       |       ||     1
  Use: Scroll            |     5 |     6 |       ||    11
       Potion            |     1 |    10 |       ||    11
Armor: Leather armour    |    32 |     8 |       ||    40
       Chain mail        |       |   188 |     4 ||   192
Dodge: Dodged            |    50 |   145 |     1 ||   196

Table legend: (Time is in decaauts)
 A = Elapsed time spent in this place.
 B = Non-inter-level travel time spent in this place.
 C = Inter-level travel time spent in this place.
 D = Time resting spent in this place.
 E = Time spent auto-exploring this place.
 F = Levels seen in this place.
 G = Mean time per level.
                   A        B        C        D        E       F      G
               +--------+--------+--------+--------+--------+-----+--------+
         Total |   5102 |   4897 |    205 |    887 |   2930 |   6 |  850.3 |
       Dungeon |   4385 |   4180 |    205 |    887 |   2430 |   4 | 1096.2 |
         Abyss |     92 |     92 |      0 |      0 |     64 |   1 |   92.0 |
         Sewer |    625 |    625 |      0 |      0 |    436 |   1 |  625.0 |
               +--------+--------+--------+--------+--------+-----+--------+

Top non-repeatable levels by time:
     D:4: 1623 daAuts
     D:2: 977 daAuts
     D:3: 936 daAuts
     D:1: 847 daAuts
   Sewer: 625 daAuts
 Abyss:1: 92 daAuts
